AoeStats
← soyshishigank

Arena

509460742Analyzed
4v4 RM · 4d ago on Sep 26, 2026· 41m 59s· 8 players
Game mode
Random Map
Map size
Large (8 player)
Population
200
Speed
Normal
Resources
Standard
Victory
Conquest
Starting age
Dark Age
Ending age
Imperial Age
RankedLock teamsTeams togetherTeam positionsShared explorationLock speedFull tech treeHidden civsTurbo modeCheats
Victory
Defeat
🇨🇱 Mongols · Chile
1000
+34
🇨🇱 Dravidians · Chile
931
+13
🇦🇷 Khmer · Argentina
855
+15
🇨🇴 Celts · Colombia
844
+16
🇫🇷 Teutons · France
887
-15
🇬🇧 Japanese · United Kingdom
851
-13
🇹🇷 Ethiopians · Türkiye
841
-13
🇹🇷 Spanish · Türkiye
839
-13
Rodorm
11:50 Feudal Age
15:33 Castle Age
13:30 Double-Bit Axe
18:22 Horse Collar
18:34 Pikeman
19:51 Heavy Plow
20:03 Bow Saw
22:44 Loom
29:05 Town Watch
32:42 Gold Mining
35:14 Wheelbarrow
35:43 Stone Mining
e4gl3
1:00 Loom
11:06 Feudal Age
12:44 Double-Bit Axe
16:58 Castle Age
15:44 Horse Collar
15:57 Gold Mining
16:54 Stone Mining
18:47 Bow Saw
24:40 Elite Skirmisher
25:39 Padded Archer Armor
25:29 Fletching
29:36 Thumb Ring
31:04 Heavy Plow
33:41 Imperial Age
31:22 Heavy Plow
32:27 Crossbowman
33:22 Squires
33:07 Arson
33:45 Ballistics
34:54 Wheelbarrow
34:08 Town Watch
36:53 Chemistry
36:01 Caravan
ryioze
11:14 Feudal Age
11:43 Double-Bit Axe
11:44 Horse Collar
12:26 Gold Mining
12:29 Stone Mining
19:22 Castle Age
22:29 Bow Saw
24:15 Husbandry
26:04 Gold Mining
27:57 Stone Shaft Mining
27:29 Heavy Plow
34:47 Imperial Age
34:57 Wheelbarrow
34:08 Loom
36:09 Elite Conquistador
41:40 Chemistry
40:51 Masonry
Paul Chuckle
0:29 Loom
10:22 Feudal Age
10:55 Double-Bit Axe
10:53 Horse Collar
18:45 Castle Age
17:38 Stone Mining
18:12 Gold Mining
18:25 Fletching
21:42 Heavy Plow
25:16 Treadmill Crane
27:49 Ballistics
29:37 Wheelbarrow
32:16 Bow Saw
31:55 Pikeman
35:51 Gold Shaft Mining
35:33 Squires
35:32 Bodkin Arrow
35:48 Forging
35:36 Murder Holes
35:53 Masonry
35:35 Arson
36:27 Yasama
39:46 Imperial Age
37:39 Town Watch
38:33 Guard Tower
39:17 Elite Skirmisher
41:41 Conscription
41:14 Capped Ram
soyshishigank
7:00 Loom
11:26 Feudal Age
15:42 Wheelbarrow
20:09 Castle Age
18:28 Double-Bit Axe
18:53 Stone Mining
30:14 Masonry
30:24 Fortified Wall
30:48 Man-at-Arms
31:14 Gambesons
31:16 Arson
34:11 Medical Corps
34:25 Medical Corps
35:06 Bow Saw
34:48 Gold Mining
38:55 Long Swordsman
39:48 Pikeman
40:28 Squires
jolman.info
0:39 Loom
12:02 Feudal Age
12:28 Double-Bit Axe
20:56 Castle Age
19:07 Stone Mining
20:17 Horse Collar
20:37 Gold Mining
21:47 Bow Saw
23:46 Heavy Plow
25:34 Gold Shaft Mining
28:58 Stone Shaft Mining
35:59 Imperial Age
34:24 Wheelbarrow
34:19 Ballistics
34:33 Town Watch
34:53 Padded Archer Armor
34:43 Fletching
35:41 Hand Cart
35:38 Caravan
37:31 Leather Archer Armor
37:11 Bodkin Arrow
36:58 Heavy Scorpion
38:04 Furor Celtica
39:29 Chemistry
39:29 Conscription
38:41 Capped Ram
39:26 Siege Ram
IZKYBIN
9:42 Loom
11:30 Feudal Age
15:04 Castle Age
12:52 Double-Bit Axe
13:35 Fletching
14:23 Loom
16:13 Bodkin Arrow
22:38 Bow Saw
27:52 Wheelbarrow
36:44 Imperial Age
35:04 Gold Mining
36:55 Padded Archer Armor
37:23 Scale Barding Armor
37:29 Forging
37:28 Bracer
37:12 Capped Ram
38:24 Drill
38:12 Siege Ram
39:30 Leather Archer Armor
40:01 Bloodlines
39:51 Husbandry
40:46 Light Cavalry
41:32 Scale Barding Armor
41:37 Forging
Policarpo6012
12:07 Feudal Age
15:12 Castle Age
13:21 Double-Bit Axe
13:22 Horse Collar
15:22 Bloodlines
17:19 Husbandry
18:01 Wheelbarrow
17:13 Loom
21:27 Wheelbarrow
21:47 Bow Saw
23:11 Hand Cart
23:31 Town Watch
25:01 Scale Barding Armor
26:26 Gold Mining
28:35 Gold Shaft Mining
28:06 Heavy Plow
28:03 Stone Mining
29:09 Chain Barding Armor
29:00 Forging
29:32 Town Patrol
30:31 Stone Shaft Mining
36:06 Imperial Age
34:27 Iron Casting
35:41 Fletching
35:52 Murder Holes
36:09 Masonry
38:00 Blast Furnace
38:23 Conscription
38:09 Tusk Swords
39:03 Siege Engineers
39:37 Plate Barding Armor
41:29 Elite Battle Elephant
Connection lost

Rejoining the realm…

Still unreachable

The connection could not be restored.

Session expired

The server has moved on; the page needs a fresh start.